 Dungeon Crawl Stone Soup version 0.24-a0-653-g3936067ed8 (webtiles) character file.

Game seed: 12003359854883878983, levelgen mode: deterministic

60296 Kohma the Spear-Bearer (level 15, -24/125 HPs)
             Began as a Formicid Fighter on Sept 27, 2019.
             Was the Champion of Makhleb.
             Killed from afar by a fire dragon (49 damage)
             ... with a blast of flame
             ... on level 6 of the Lair of Beasts.
             The game lasted 01:08:50 (19964 turns).

Kohma the Spear-Bearer (Formicid Fighter)          Turns: 19964, Time: 01:08:50

Health: -24/125    AC: 15    Str: 29    XL:     15   Next: 37%
Magic:  24/24      EV: 10    Int:  8    God:    Makhleb [******]
Gold:   916        SH: 13    Dex: 10    Spells: 14/14 levels left

rFire    . . .     SeeInvis +   K - +1 glaive (flame)
rCold    . . .     Gourm    .   c - +1 shield
rNeg     + . .     Faith    .   C - +6 scale mail of Greed {MR++}
rPois    .         Spirit   .   (helmet unavailable)
rElec    .         Reflect  .   A - scarf {repulsion}
rCorr    .         Harm     .   (no gloves)
MR       +++..                  (no boots)
Stlth    ..........             x - amulet of regeneration
HPRegen  0.70/turn              p - ring of positive energy
MPRegen  0.19/turn              E - +2 ring of strength

@: repel missiles
A: permanent stasis, dig shafts and tunnels, four strong arms, antennae 3
a: Dig, Shaft Self, Minor Destruction, Lesser Servant of Makhleb, Major
Destruction, Greater Servant of Makhleb, Renounce Religion


You were on level 6 of the Lair of Beasts.
You worshipped Makhleb.
Makhleb was exalted by your worship.
You were not hungry.

You visited 3 branches of the dungeon, and saw 19 of its levels.
You visited the Abyss 1 time.
You also visited: Volcano.

You collected 1108 gold pieces.
You spent 192 gold pieces at shops.

Inventory:

Hand Weapons
 H - a +4 trident of freezing
 K - a +1 glaive of flaming (weapon)
Missiles
 k - 427 stones
 t - a throwing net (quivered)
Armour
 c - a +1 shield (worn)
 A - a scarf of repulsion (worn)
 C - the +6 scale mail of Greed (worn) {MR++}
   (You found it on level 10 of the Dungeon)

   It affects your resistance to hostile enchantments.
Jewellery
 p - a ring of positive energy (left hand)
 s - an uncursed ring of fire
 x - an amulet of regeneration (around neck)
 E - a +2 ring of strength (right hand)
Wands
 a - a wand of clouds (12)
 b - a wand of acid (12)
 r - a wand of iceblast (4)
 B - a wand of paralysis (5)
 I - a wand of enslavement (10)
 M - a wand of polymorph (3)
 N - a wand of random effects (19)
Scrolls
 h - 3 scrolls of enchant weapon
 i - 2 scrolls of fog
 m - 4 scrolls of holy word
 w - a scroll of enchant armour
 y - 5 scrolls of identify
 z - 3 scrolls of remove curse
 D - 4 scrolls of amnesia
Potions
 d - 2 potions of might
 e - 3 potions of ambrosia
 g - 2 potions of brilliance
 j - 5 potions of mutation
 l - 6 potions of flight
 n - a potion of resistance
 o - 3 potions of lignification
 q - 2 potions of curing
 u - a potion of agility
 v - a potion of berserk rage {unknown}
 F - a potion of experience {unknown}
 J - a potion of cancellation
Miscellaneous
 G - a lamp of fire
Comestibles
 f - 26 rations
 L - a chunk of flesh


   Skills:
 + Level 13.7 Fighting
 + Level 14.7 Polearms
 - Level 13.0 Armour
 - Level 9.0 Shields
 + Level 12.5 Invocations


You had 14 spell levels left.
You didn't know any spells.
Your spell library contained the following spells:

 Spells                   Type           Power        Failure   Level  Hunger
 Magic Dart               Conj           #...         58%         1    ##.....
 Call Imp                 Summ           #.......     75%         2    ###....
 Slow                     Hex            #.......     75%         2    ###....
 Conjure Flame            Conj/Fire      #.......     92%         3    ####...
 Ignite Poison            Fire/Tmut/Pois #.......     92%         3    ####...
 Mephitic Cloud           Conj/Pois/Air  #.......     92%         3    ####...
 Fireball                 Conj/Fire      #.........   100%        5    ######.
 Bolt of Fire             Conj/Fire      #.........   100%        6    #######
 Ring of Flames           Chrm/Fire      #.........   100%        7    #######
 Ignition                 Fire           #.........   100%        8    #######
 Blink                    Tloc           Unusable     N/A         2    N/A

Dungeon Overview and Level Annotations

Branches:
Dungeon (12/15)            Temple (1/1) D:6            Lair (6/6) D:11
  Swamp (0/4) Lair:2       Spider (0/4) Lair:3        Slime (0/5) Lair:6
    Orc (0/2) D:11        Volcano (visited)

Altars:
Ashenzari
Cheibriados
Dithmenos
Elyvilon
Fedhas
Gozag
Hepliaklqana
Kikubaaqudgha
Makhleb
Nemelex Xobeh
Okawaru
Qazlal
Ru
Sif Muna
Trog
Uskayaw
Vehumet
Wu Jian
Xom
Yredelemnul
Zin
The Shining One
Beogh

Shops:
D:6 *   D:8 *

Annotations:
D:3 1 runed translucent door, Sondor's ghost, amateur DsCK
D:8 2 transporters


Innate Abilities, Weirdness & Mutations

You cannot be hasted, slowed, berserked, paralysed or teleported.
You can dig through walls and to a lower floor.
Your four strong arms can wield two-handed weapons with a shield.
You have a pair of large antennae on your head. (SInv)


Message History

The rime drake bites you. The fire dragon bites you.
You block the fire dragon's attack. x2
You slash the fire dragon! You burn the fire dragon.
The fire dragon is severely wounded.
The ice encasing you melts away.
The rime drake bites you but does no damage.
The fire dragon bites you! You block the fire dragon's attack. x2
The rime drake bites you but does no damage.
You slash the fire dragon!
The fire dragon is almost dead.
The rime drake bites you but does no damage.
The fire dragon breathes flames at you. The blast of flame hits you!!
* * * LOW HITPOINT WARNING * * *
Your scale mail of Greed prevents you from hitting the fire dragon.
The fire dragon is almost dead.
The rime drake misses you. The fire dragon breathes flames at you.
The blast of flame hits you!!!
You die...

.≈≈≈..%. ♣≈P.♣.♣♣
♣♣♣.≈≈..[)
♣♣≈.[†♣♣
♣..≈≈≈.$.
♣♣..≈..♣
..≈≈≈≈P♣♣♣≈≈≈..♣♣
♣..≈≈≈♣♣≈≈P..♣♣
♣....♣♣≈≈..♣♣♣
♣P.≈≈≈≈.♣♣
♣..Dk≈..♣
♣♣..@≈♣♣♣ ♣♣♣♣♣♣


You could see a fire dragon and a rime drake.

Vanquished Creatures
  Rupert (Lair:5)
  2 tentacled starspawn (Abyss:2)
  Nessos (D:12)
  A red draconian (Volcano)
  6 hydras
  A catoblepas (Lair:5)
  4 two-headed ogres
  Sonja (Lair:1)
  Urug (D:12)
  A sixfirhy (Abyss:2)
  5 skeletal warriors
  A fire crab (Lair:4)
  A salamander mystic (Volcano)
  A spatial maelstrom (Abyss:2)
  An unseen horror (D:12)
  A swamp dragon (Lair:6)
  2 orc knights (D:11)
  An obsidian statue (Volcano)
  A large abomination (Abyss:2)
  An oklob plant (Lair:3)
  2 salamanders (Volcano)
  A manticore (D:11)
  3 elephants (Lair:4)
  Joseph (D:8)
  3 black mambas
  10 spiny frogs
  4 kobold demonologists (D:11)
  4 rime drakes
  7 komodo dragons
  A hellwing (Abyss:2)
  An ancient zyme (Abyss:2)
  2 trolls (D:10)
  A polar bear (Lair:6)
  2 queen bees
  2 hornets
  5 dream sheep (Lair:3)
  A bog body (Lair:2)
  13 blink frogs
  9 hippogriffs
  A ynoxinul (Abyss:2)
  6 fire bats (Volcano)
  A wraith (D:11)
  2 wyverns
  16 yaks
  Grum (Lair:1)
  12 basilisks
  2 steam dragons (Lair:6)
  5 hungry ghosts
  2 swamp worms (Lair:2)
  An insubstantial wisp (Abyss:2)
  15 water moccasins
  A floating eye (D:10)
  7 porcupines
  2 small abominations (Abyss:2)
  7 orc warriors
  A swamp drake (Lair:6)
  4 sky beasts
  3 ice beasts
  2 eyes of draining (D:10)
  7 necrophages
  3 phantoms
  2 ogres
  8 wolves
  5 centaurs
  11 crocodiles
  2 big kobolds (D:11)
  14 bullfrogs
  3 scorpions
  A wyvern skeleton (D:9)
  44 killer bees
  9 wights
  3 electric eels
  2 crimson imps
  3 bullfrog zombies
  5 lava snakes (Volcano)
  3 centaur zombies
  A quasit (D:12)
  3 hounds
  17 jellies
  6 orc priests
  A bullfrog skeleton (D:5)
  3 centaur skeletons
  5 iguanas
  7 orc wizards
  10 worker ants
  A killer bee zombie (D:7)
  A hound skeleton (D:4)
  2 worker ant zombies
  A howler monkey zombie (D:5)
  13 adders
  4 shadow imps
  3 oozes
  A worm (D:2)
  A dart slug (D:3)
  11 leopard geckos
  33 orcs
  6 giant cockroaches
  14 goblins
  11 hobgoblins
  23 jackals
  11 kobolds
  4 quokkas
  7 bats
  6 frilled lizards
  A leopard gecko skeleton (D:8)
  A quokka zombie (D:5)
  9 rats
  2 starspawn tentacles (Abyss:2)
541 creatures vanquished.

Vanquished Creatures (others)
  A crocodile (Lair:6)
  7 bushes
  9 fungi
  28 plants
  13 starspawn tentacles (Abyss:2)
58 creatures vanquished.

Grand Total: 599 creatures vanquished

Notes
Turn   | Place    | Note
-------+----------+-------------------------------------------
     0 | D:1      | Kohma the Formicid Fighter began the quest for the Orb.
     0 | D:1      | Reached XP level 1. HP: 18/18 MP: 1/1
   101 | D:1      | Reached XP level 2. HP: 24/24 MP: 2/2
   296 | D:1      | Reached XP level 3. HP: 22/29 MP: 3/3
   378 | D:1      | Reached skill level 3 in Polearms
   828 | D:2      | Reached XP level 4. HP: 35/35 MP: 4/4
  1030 | D:2      | Reached skill level 4 in Polearms
  1382 | D:2      | Reached XP level 5. HP: 31/41 MP: 5/5
  1995 | D:3      | Found a white marble altar of Elyvilon.
  2250 | D:3      | Found a runed translucent door.
  2252 | D:3      | Noticed a bullfrog
  2254 | D:3      | Noticed Sondor's ghost (amateur DsCK)
  2412 | D:3      | Found a shimmering blue altar of Sif Muna.
  2559 | D:3      | Reached skill level 5 in Shields
  2561 | D:3      | Reached XP level 6. HP: 14/47 MP: 6/6
  2805 | D:4      | Reached skill level 5 in Polearms
  2835 | D:5      | Entered Level 5 of the Dungeon
  3225 | D:5      | Reached XP level 7. HP: 52/52 MP: 7/7
  3482 | D:5      | Reached skill level 6 in Polearms
  4417 | D:6      | Reached skill level 7 in Polearms
  4417 | D:6      | Reached XP level 8. HP: 25/58 MP: 8/8
  4801 | D:6      | Found an ornate altar of the Wu Jian Council.
  4884 | D:6      | Found Yboebb's Assorted Antiques.
  4894 | D:6      | Bought a scroll of identify for 64 gold pieces
  4894 | D:6      | Bought a scroll of identify for 64 gold pieces
  4894 | D:6      | Bought a scroll of identify for 64 gold pieces
  4967 | D:6      | Found a glowing golden altar of the Shining One.
  5051 | D:6      | Found a staircase to the Ecumenical Temple.
  5072 | Temple   | Entered the Ecumenical Temple
  5193 | D:6      | Reached skill level 8 in Polearms
  6028 | D:4      | Reached XP level 9. HP: 52/64 MP: 9/9
  6408 | D:6      | Reached skill level 9 in Polearms
  7470 | D:8      | Reached skill level 10 in Polearms
  7560 | D:8      | Found a transporter.
  7592 | D:8      | Found a transporter.
  8140 | D:8      | Noticed Joseph
  8155 | D:8      | Killed Joseph
  8155 | D:8      | Reached skill level 11 in Polearms
  8155 | D:8      | Reached XP level 10. HP: 70/70 MP: 10/10
  8189 | D:8      | Noticed a two-headed ogre
  8200 | D:8      | Killed a two-headed ogre
  8724 | D:8      | Found Zin's Purification Station.
  8729 | D:8      | Found a glowing silver altar of Zin.
  8956 | D:9      | Found a burning altar of Makhleb.
  8961 | D:9      | Became a worshipper of Makhleb the Destroyer
  9115 | D:9      | Reached skill level 12 in Polearms
  9177 | D:9      | Found a blossoming altar of Fedhas.
  9626 | D:9      | Reached skill level 5 in Fighting
  9626 | D:9      | Reached skill level 5 in Armour
  9678 | D:10     | Entered Level 10 of the Dungeon
  9722 | D:10     | Got a dazzling scale mail
  9733 | D:10     | Identified the +6 scale mail of Greed {MR++} (You found it
                  | on level 10 of the Dungeon)
  9824 | D:10     | Reached * piety under Makhleb
  9824 | D:10     | Reached XP level 11. HP: 78/79 MP: 8/11
 10011 | D:10     | Reached skill level 13 in Polearms
 10527 | D:10     | Reached ** piety under Makhleb
 10702 | D:10     | Noticed a two-headed ogre
 10713 | D:10     | Killed a two-headed ogre
 10890 | D:11     | Noticed an orc knight
 10907 | D:11     | Killed an orc knight
 10969 | D:11     | Noticed an orc knight
 10970 | D:11     | Found a roughly hewn altar of Beogh.
 10974 | D:11     | Found a staircase to the Orcish Mines.
 11129 | D:11     | Killed an orc knight
 11343 | D:11     | Reached XP level 12. HP: 91/91 MP: 12/12
 11402 | D:11     | Reached skill level 14 in Polearms
 11491 | D:11     | Reached skill level 1 in Invocations
 11555 | D:11     | Found a staircase to the Lair.
 11832 | D:11     | Reached *** piety under Makhleb
 11918 | D:11     | Identified a scroll of acquirement
 11936 | D:11     | Noticed a two-headed ogre
 11944 | D:11     | Killed a two-headed ogre
 12236 | D:11     | Noticed a two-headed ogre
 12248 | D:11     | Killed a two-headed ogre
 12477 | D:12     | Noticed Urug
 12511 | D:12     | Killed Urug
 12511 | D:12     | Reached skill level 5 in Invocations
 12771 | D:12     | Noticed Nessos
 12788 | D:12     | Killed Nessos
 12929 | D:12     | Found a radiant altar of Vehumet.
 12979 | D:12     | Noticed a skeletal warrior
 12982 | D:12     | Noticed a skeletal warrior
 12984 | D:12     | Noticed a skeletal warrior
 12998 | D:12     | Noticed a skeletal warrior
 13072 | D:12     | Killed a skeletal warrior
 13072 | D:12     | Reached skill level 10 in Fighting
 13072 | D:12     | Reached XP level 13. HP: 85/102 MP: 17/17
 13083 | D:12     | Reached skill level 10 in Armour
 13877 | Lair:1   | Entered Level 1 of the Lair of Beasts
 14020 | Lair:1   | Noticed Sonja
 14087 | Lair:1   | Noticed Grum
 14088 | Lair:1   | Noticed an eight-headed hydra
 14098 | Lair:1   | Killed an eight-headed hydra
 14119 | Lair:1   | Killed Grum
 14250 | Lair:1   | Cast into level 2 of the Abyss (Sonja)
 14257 | Abyss:2  | Noticed a tentacled starspawn
 14321 | Abyss:2  | Killed a tentacled starspawn
 14362 | Abyss:2  | Reached **** piety under Makhleb
 14464 | Abyss:2  | Noticed a rakshasa
 14469 | Abyss:2  | Noticed a tentacled starspawn
 14480 | Abyss:2  | Killed a tentacled starspawn
 14494 | Lair:1   | Escaped the Abyss
 14522 | Lair:1   | Killed Sonja
 14930 | Lair:2   | Reached XP level 14. HP: 113/113 MP: 21/21
 15181 | Lair:2   | Reached skill level 10 in Invocations
 15253 | Lair:2   | Found a staircase to the Swamp.
 15965 | Lair:3   | Reached ***** piety under Makhleb
 16100 | Lair:3   | Found a hole to the Spider Nest.
 16612 | Lair:3   | Found a dark tunnel.
 16618 | Volcano  | Entered a volcano
 16885 | Volcano  | Found a bloodstained altar of Trog.
 16885 | Volcano  | Noticed a red draconian
 16919 | Volcano  | Killed a red draconian
 18446 | Lair:4   | Reached XP level 15. HP: 33/123 MP: 23/23
 18944 | Lair:5   | Noticed Rupert
 18966 | Lair:5   | Killed Rupert
 19403 | Lair:6   | Entered Level 6 of the Lair of Beasts
 19444 | Lair:6   | Found a staircase to the Slime Pits.
 19714 | Lair:6   | Found a blossoming altar of Fedhas.
 19856 | Lair:6   | Reached ****** piety under Makhleb
 19964 | Lair:6   | Killed from afar by a fire dragon

Levels and vault maps discovered:
D:1:      scummos_arrival_gate, layout_basic
D:2:      layout_basic, minmay_ruptured
D:3:      layout_loops_ring, nicolae_overflow_crystal_walls, old_standard_altar,
          ebering_ghost_sewer_d
D:4:      layout_rooms, first_ration, serial_park_tiny_2, grunt_decor_arrowhead,
          minmay_box_of_dots
D:5:      layout_layer_cave, minmay_misc_feat_rugged, abandoned_shop
D:6:      layout_basic, kennysheep_mini_moat, nicolae_tso_carved_into_rock,
          minmay_temple_entry_statues_fountains, serial_shops, shop
D:7:      layout_basic, kennysheep_nub
D:8:      gammafunk_cloud_chamber, layout_gridville, zin_purify, enter_bailey_3,
          uniq_joseph
D:9:      layout_roguey, kennysheep_little_box, fedhas_altar_decomposition
D:10:     layout_long_grid, onia_ninara_cookie
D:11:     layout_basic, minmay_lair_entry_grove, david_orc_5
D:12:     layout_basic, basic_altar, david_nohive_1, uniq_nessos, uniq_urug
Temple:   eino_wide_crystal_templ
Lair:1:   layout_roguey, uniq_sonja, uniq_grum
Lair:2:   layout_hall_layers, nicolae_swamp_entry_splash_gauntlet, special_room
          [special_room_bee], infiniplex_staircase_pool_2
Lair:3:   layout_long_grid, spider_nest_entry_web_field, enter_volcano_2,
          serial_bayou_shore_b, grunt_megastairs_3
Lair:4:   layout_hall_layers, grunt_megastairs_4
Lair:5:   layout_misc_corridors, serial_bayou_shore_a, uniq_rupert
Lair:6:   guppyfry_lair_end_dragon, layout_long_grid,
          minmay_slime_entry_jelly_boxes, basic_altar,
          kennysheep_basilisk_garden

Skill      XL: |  1  2  3  4  5  6  7  8  9 10 11 12 13 14 15 |
---------------+----------------------------------------------+-----
Shields        | 4 5 6 8 9 |  9.0
Polearms       | 3 4 5 7 8 11 12 13 14 | 14.7
Fighting       | 5 7 10 11 13 | 13.7
Armour         | 5 7 9 11 13 | 13.0
Invocations    | 6 9 11 12 | 12.5

Action                   |  1- 3 |  4- 6 |  7- 9 | 10-12 | 13-15 || total
-------------------------+-------+-------+-------+-------+-------++-------
Melee: Trident           |   114 |   288 |   503 |   823 |   723 ||  2451
       Glaive            |       |       |       |       |   323 ||   323
Throw: Stone             |       |       |       |     5 |       ||     5
       Throwing net      |       |       |       |       |     1 ||     1
Invok: Lesser Servant of |       |       |       |     2 |     1 ||     3
       Minor Destruction |       |       |       |       |     1 ||     1
  Use: Scroll            |       |     8 |     9 |     8 |     5 ||    30
       Potion            |       |       |     1 |       |     6 ||     7
  Eat: Chunk             |       |     8 |    10 |    15 |    21 ||    54
       Ration            |       |       |     3 |     2 |     1 ||     6
Armor: Scale mail        |    40 |    82 |       |   140 |   270 ||   532
       Chain mail        |       |    10 |    23 |       |       ||    33
       Plate armour      |       |       |   166 |    35 |       ||   201
Dodge: Dodged            |    42 |    81 |    69 |   130 |   231 ||   553
       Deflected         |       |       |       |       |     9 ||     9
Block: Shield            |    56 |   151 |   254 |   294 |   522 ||  1277

Table legend:
 A = Non-vault XP
 B = Vault XP
 C = Vault XP percentage of total XP
 D = Non-vault monster count
 E = Vault monster count
 F = Vault count percentage of total count
                 A         B        C        D         E       F
            +---------+---------+-------+---------+---------+-------
      Total |   59999 |   26139 |  30.3 |     368 |     172 |  31.9
            +---------+---------+-------+---------+---------+-------
        D:1 |      61 |       0 |   0.0 |      32 |       0 |   0.0
        D:2 |     122 |       8 |   6.2 |      29 |       6 |  17.1
        D:3 |     102 |       0 |   0.0 |      15 |       0 |   0.0
        D:4 |     398 |      32 |   7.4 |      12 |       1 |   7.7
        D:5 |     546 |       0 |   0.0 |      25 |       0 |   0.0
        D:6 |     885 |       0 |   0.0 |      19 |       0 |   0.0
        D:7 |     659 |       0 |   0.0 |      17 |       0 |   0.0
        D:8 |    2011 |     461 |  18.6 |      21 |       5 |  19.2
        D:9 |     669 |     575 |  46.2 |       8 |       6 |  42.9
       D:10 |    4335 |    1769 |  29.0 |      33 |      19 |  36.5
       D:11 |    7098 |    3873 |  35.3 |      31 |      35 |  53.0
       D:12 |    4783 |    3380 |  41.4 |      12 |      18 |  60.0
     Lair:1 |    3641 |    1356 |  27.1 |      14 |       5 |  26.3
     Lair:2 |    3848 |    2507 |  39.4 |      18 |      30 |  62.5
     Lair:3 |    5799 |     256 |   4.2 |      22 |       2 |   8.3
     Lair:4 |    9955 |     425 |   4.1 |      25 |       1 |   3.8
     Lair:5 |    5285 |    3278 |  38.3 |      15 |       3 |  16.7
     Lair:6 |    1833 |    3164 |  63.3 |       9 |      25 |  73.5
    Abyss:2 |    7969 |       0 |   0.0 |      11 |       0 |   0.0
    Volcano |       0 |    5055 | 100.0 |       0 |      16 | 100.0
            +---------+---------+-------+---------+---------+-------
